 Dungeon Crawl Stone Soup version 0.29.1-2-gbd0b4ee654 (webtiles) character file.

Game seed: 8857697514318342524

11 SINSOJ the Trooper (level 2, 0/27 HPs)
             Began as a Minotaur Abyssal Knight on Oct 24, 2022.
             Was a Believer of Lugonu.
             Slain by a kobold
             ... wielding a +2 short sword of freezing
              (4 damage)
             ... on level 1 of the Dungeon.
             The game lasted 00:01:08 (129 turns).

SINSOJ the Trooper (Minotaur Abyssal Knight)         Turns: 129, Time: 00:01:08

Health: 0/27       AC:  3    Str: 17    XL:     2   Next: 13%
Magic:  2/2        EV: 11    Int:  7    God:    Lugonu [**....]
Gold:   0          SH:  0    Dex: 10    Spells: 1/1 levels left

rFire   . . .      SeeInvis .   a - +1 mace
rCold   . . .      Faith    .   (no shield)
rNeg    . . .      Spirit   .   b - +0 leather armour
rPois   .          Reflect  .   (helmet restricted)
rElec   .          Harm     .   (no cloak)
rCorr   .          Rampage  .   (no gloves)
Will    .....                   (no boots)
Stlth   +.........              (no amulet)
HPRegen 0.09/turn               (no ring)
MPRegen 0.08/turn               (no ring)

@: no status effects
A: horns 2, retaliatory headbutt
a: Renounce Religion, Depart the Abyss, Bend Space


You were on level 1 of the Dungeon.
You worshipped Lugonu.
Lugonu was pleased with you.
You visited 1 branch of the dungeon, and saw 1 of its levels.
You visited the Abyss 1 time.

Inventory:

Hand Weapons
 a - a +1 mace (weapon)
Armour
 b - a +0 leather armour (worn)


   Skills:
 + Level 3.8 Fighting
 + Level 2.6 Maces & Flails
 + Level 2.6 Armour
 + Level 1.4 Dodging
 + Level 2.0 Invocations


You had one spell level left.
You didn't know any spells.
Your spell library was empty.

Dungeon Overview and Level Annotations

Branches:
Dungeon (1/15)

Altars:


Innate Abilities, Weirdness & Mutations

You have a pair of horns on your head.
You reflexively headbutt those who attack you in melee.


Message History

The rat bites you but does no damage. The frilled lizard bites you.
* * * LOW HITPOINT WARNING * * *
The rat barely misses you.
The frilled lizard bites you but does no damage.
You hit the rat.
You kill the rat!
Lugonu accepts your kill. The frilled lizard barely misses you.
You furiously retaliate!
You headbutt the frilled lizard.
You kill the frilled lizard!
Lugonu accepts your kill.
Your Invocations skill increases to level 2!
You have reached level 2!
The hobgoblin closely misses you.
Found 17 gold pieces.
The hobgoblin attacks as you move away! The hobgoblin closely misses you.
You furiously retaliate!
You headbutt the hobgoblin. You barely miss the hobgoblin.
You headbutt the hobgoblin.
You kill the hobgoblin!
Lugonu accepts your kill.
You see here a hobgoblin corpse.
A bat comes into view.
A bat is nearby!
The bat hits you.
* * * LOW HITPOINT WARNING * * *
The bat hits you but does no damage. The bat barely misses you.
You furiously retaliate!
You headbutt the bat.
You see here 17 gold pieces.
The bat barely misses you. x2; You furiously retaliate!
You headbutt the bat!
You kill the bat!
Lugonu accepts your kill.
Found a stone staircase leading down.
You see here a bat corpse.
A kobold comes into view.
It is wielding a +2 short sword of freezing.
The kobold shouts!
You see here a bat corpse.
You see here 17 gold pieces.
You barely miss the kobold.
The kobold hits you with a +2 short sword of freezing.
You die...

#.#########
#####.#
#.#...#.# #..
#...#
#..###.†#
#...#...##
#......#######
##............
###..@######
##K## #.# #†#
#.# #.#
#........
#..###... #..#


You could see a kobold.

Vanquished Creatures
  3 goblins (D:1)
  2 hobgoblins (D:1)
  2 bats (D:1)
  A frilled lizard (D:1)
  A kobold (D:1)
  A rat (D:1)
10 creatures vanquished.

Notes
Turn   | Place    | Note
-------+----------+-------------------------------------------
     0 | Abyss:1  | SINSOJ the Minotaur Abyssal Knight began the quest for the
                  | Orb.
     0 | Abyss:1  | Reached XP level 1. HP: 19/19 MP: 1/1
    50 | Abyss:1  | Noticed an efreet
    51 | D:1      | Escaped the Abyss
    80 | D:1      | Reached ** piety under Lugonu
   101 | D:1      | Reached XP level 2. HP: 3/27 MP: 0/2
   129 | D:1      | Slain by a kobold

Illustrated notes

Levels and vault maps discovered:
D:1:      dpeg_arrival_tiny_c, layout_loops_ring,
          ebering_ecumenical_altar_abandoned

Skill      XL: |  1 |
---------------+----+-----
Invocations    | 2 |  2.0
Fighting       | |  3.8
Maces & Flails | |  2.6
Armour         | |  2.6
Dodging        | |  1.4

Action                   || total
-------------------------++-------
Melee: Mace              ||    14
       Headbutt          ||     2
Invok: Depart the Abyss  ||     1
       Bend Space        ||     1
Armor: Leather armour    ||    17
Dodge: Dodged            ||    24
